 Dungeon Sprint DCSS version 0.17-a0-1636-g3119f2b (webtiles) character file.

1323 Kidiri the Thaumaturge (level 8, -9/43 HPs)
             Began as a Deep Elf Earth Elementalist on Aug 6, 2015.
             Was a Priest of Vehumet.
             Mangled by a hill giant
             ... wielding a +0 giant club
              (23 damage)
             ... in the Dungeon (Sprint III: "The Ten Rune Challenge").
             The game lasted 00:12:14 (2557 turns).

Kidiri the Thaumaturge (DEEE)                       Turns: 2557, Time: 00:12:14

Health: -9/43      AC:  6    Str:  5    XL:     8   Next: 33%
Magic:  6/25       EV: 19    Int: 22    God:    Vehumet [***...]
Gold:   47         SH:  0    Dex: 16    Spells: 10 memorised, 0 levels left

rFire  . . .     SeeInvis .     e - +0 dagger
rCold  . . .     Clarity  .     b - +0 robe
rNeg   . . .     SustAt   .     (no shield)
rPois  .         Gourm    .     (no helmet)
rElec  .         Spirit   .     (no cloak)
rCorr  .         Warding  .     (no gloves)
rMut   .         NoTele   +     (no boots)
MR     .....                    (no amulet)
Stlth  ++++......               (no ring)
                                (no ring)

@: stone skin, not resistant to hostile enchantments, stealthy
A: talons 1, blink 2, frail 1, spit poison 2
a: Spit Poison, Blink, Renounce Religion


You were in the Dungeon.
You worshipped Vehumet.
Vehumet was most pleased with you.
You were not hungry.

You visited 1 branch You collected 47 gold pieces.

Inventory:

Hand weapons
 e - a +0 dagger (weapon)
Missiles
 a - 4 stones (quivered)
Armour
 b - a +0 robe (worn)
Scrolls
 f - a scroll of torment
 j - a scroll of blinking
 k - 2 scrolls of remove curse {unknown}
 o - a scroll of immolation
Potions
 m - 2 potions of might
 n - a potion of invisibility {unknown}
 q - 2 potions of cure mutation
 r - 2 potions of flight
Books
 c - a book of Geomancy

   Spells                             Type                      Level
   a - Sandblast                      Earth                        1
   b - Stoneskin                      Transmutation/Earth          2
   c - Passwall                       Transmutation/Earth          3
   d - Stone Arrow                    Conjuration/Earth            3
   e - Petrify                        Transmutation/Earth          4
   f - Lee's Rapid Deconstruction     Earth                        5
 g - a book of Beasts

   Spells                             Type                      Level
   a - Summon Butterflies             Summoning                    1
   b - Call Canine Familiar           Summoning                    3
   c - Summon Ice Beast               Ice/Summoning                4
   d - Summon Mana Viper              Hexes/Summoning              5
   e - Summon Hydra                   Summoning                    7
Comestibles
 d - a bread ration
 h - 6 chunks of flesh


   Skills:
 + Level 4.8 Fighting
 + Level 3.3 Short Blades
 * Level 10.4 Dodging
 + Level 8.4 Stealth
 * Level 11.2 Spellcasting
 + Level 5.6 Conjurations
 + Level 4.8 Summonings
 + Level 5.9 Transmutations
 + Level 0.4 Fire Magic
 + Level 1.4 Ice Magic
 + Level 7.2 Earth Magic
 + Level 0.7 Poison Magic


You couldn't memorise any spells.
You knew the following spells:

 Your Spells              Type           Power        Failure   Level  Hunger
a - Sandblast             Erth           #####.       1%          1    None
b - Stoneskin             Trmt/Erth      #####...     1%          2    None
c - Passwall              Trmt/Erth      #####.....   1%          3    None
d - Stone Arrow           Conj/Erth      #####.       1%          3    None
e - Petrify               Trmt/Erth      #####...     4%          4    #......
f - Lee's Rapid Deconstr  Erth           #####.....   2%          5    ####...
g - Summon Butterflies    Summ           ####....     1%          1    None
h - Call Canine Familiar  Summ           ####....     1%          3    None
i - Summon Ice Beast      Ice/Summ       ####....     17%         4    #......
j - Ignite Poison         Fire/Trmt/Pois ###.....     2%          3    None


Dungeon Overview and Level Annotations

Branches:
Dungeon (1/1)

Altars:
Cheibriados
Dithmenos
Elyvilon
Fedhas
Gozag
Kikubaaqudgha
Makhleb
Nemelex Xobeh
Okawaru
Qazlal
Ru
Sif Muna
Trog
Vehumet
Xom
Yredelemnul
Zin
The Shining One
Jiyva
Lugonu

Annotations:
D Erolcha


Innate Abilities, Weirdness & Mutations

You have sharp toenails.
You are good at translocating small distances at will.
You are frail (-10% HP).
You can spit poison.


Message History

The hill giant is almost dead.
Casting: Lee's Rapid Deconstruction
Confirm with . or Enter, or press ? or * to list all spells.
Aiming: Sandblast
Press: ? - help, Shift-Dir - straight line, f - hill giant
Aim: a hill giant, wielding a giant club (almost dead)
The blast of sand hits the hill giant.
The hill giant is almost dead.
The hill giant hits you with a giant club!!!
Ouch! That really hurt!
* * * LOW HITPOINT WARNING * * *
Erolcha gestures wildly while chanting.
Erolcha flickers and vanishes!
Deactivating autopickup; reactivate with Ctrl-A.
Items here: )))))) ÷ Drink which item? (? for menu, Esc to quit)
You feel better.
The hill giant hits you with a giant club!!
Ouch! That really hurt!
You die...

♣..###+#+###)##
♣..#....).....#
...'.⌠........#
♣..#...######'#
...#.⌠.#__#...#+##############
...#...#__#...#....#.#.#.{)..#
...#+###__#...##.#..#.##.#
...#.).#__#...'##C#.#.##.#
...#___#_.....#.@.#..#..##
▓▓▓▓▓▓▓▓▓▓▓▓▓▓▓▓▓▓▓▓▓▓▓▓▓


You could see a hill giant.

Vanquished Creatures
  A deep elf priest (D)
  A shadow (D)
  A hill giant (D)
  A spatial vortex (D)
  A necrophage (D)
  3 two-headed ogres (D)
  A water elemental (D)
  A scorpion (D)
  A jelly (D)
  A necromancer (D)
  A wizard (D)
  3 humans (D)
  A kobold demonologist (D)
  An ooze (D)
  3 rats (D)
21 creatures vanquished.

Vanquished Creatures (others)
  2 draconian scorchers (D)
  2 yaktaurs (D)
  An electric eel (D)
5 creatures vanquished.

Grand Total: 26 creatures vanquished

Notes
Turn   | Place    | Note
--------------------------------------------------------------
     0 | D        | Kidiri the Deep Elf Earth Elementalist began the quest for the Orb.
     0 | D        | Reached XP level 1. HP: 10/10 MP: 6/6
    23 | D        | Gained mutation: Armour fits poorly on your strangely shaped body. [potion of mutation]
    23 | D        | Gained mutation: You can translocate small distances at will. [potion of mutation]
    81 | D        | Reached skill level 1 in Fighting
   122 | D        | Noticed a scorpion
   146 | D        | Reached skill level 4 in Dodging
   146 | D        | Reached XP level 2. HP: 9/16 MP: 0/9
   150 | D        | Learned a level 2 spell: Stoneskin
   279 | D        | Killed a white draconian scorcher
   289 | D        | Killed a white draconian scorcher
   331 | D        | Killed a yaktaur
   342 | D        | Killed a scorpion
   342 | D        | Reached skill level 5 in Dodging
   342 | D        | Reached skill level 6 in Spellcasting
   342 | D        | Reached XP level 3. HP: 2/21 MP: 1/12
   342 | D        | Reached XP level 4. HP: 2/26 MP: 1/14
   347 | D        | Learned a level 3 spell: Passwall
   351 | D        | Learned a level 3 spell: Stone Arrow
   356 | D        | Learned a level 4 spell: Petrify
   395 | D        | Killed an electric eel
   420 | D        | Killed a yaktaur
   767 | D        | Gained mutation: You have sharp toenails. [potion of mutation]
   767 | D        | Gained mutation: You are good at translocating small distances at will. [potion of mutation]
   767 | D        | Lost mutation: Armour fits poorly on your strangely shaped body. [potion of mutation]
   768 | D        | Gained mutation: You can spit weak poison. [potion of mutation]
   768 | D        | Gained mutation: You can spit poison. [potion of mutation]
   769 | D        | Gained mutation: You are frail (-10% HP). [potion of mutation]
   903 | D        | Noticed a water elemental
   914 | D        | Killed a water elemental
   914 | D        | Reached skill level 5 in Stealth
   914 | D        | Reached skill level 1 in Conjurations
  1173 | D        | Found a radiant altar of Vehumet.
  1173 | D        | Found a deep blue altar of Sif Muna.
  1173 | D        | Found an ancient bone altar of Kikubaaqudgha.
  1173 | D        | Noticed a wizard
  1174 | D        | Killed a wizard
  1174 | D        | Reached skill level 7 in Spellcasting
  1174 | D        | Reached XP level 5. HP: 13/27 MP: 9/16
  1176 | D        | Noticed an ice devil
  1178 | D        | Noticed a red devil
  1180 | D        | Noticed a blue devil
  1194 | D        | Reached skill level 5 in Earth Magic
  1229 | D        | Learned a level 5 spell: Lee's Rapid Deconstruction
  1231 | D        | Learned a level 1 spell: Summon Butterflies
  1489 | D        | Became a worshipper of Vehumet
  1500 | D        | Found a glowing silver altar of Zin.
  1501 | D        | Found a glowing golden altar of the Shining One.
  1501 | D        | Found a white marble altar of Elyvilon.
  1501 | D        | Noticed a deep elf priest
  1506 | D        | Killed a deep elf priest
  1506 | D        | Reached skill level 8 in Dodging
  1506 | D        | Reached skill level 9 in Spellcasting
  1506 | D        | Reached XP level 6. HP: 19/34 MP: 7/20
  1732 | D        | Found a basalt altar of Yredelemnul.
  1732 | D        | Found a snail-covered altar of Cheibriados.
  1732 | D        | Found a blossoming altar of Fedhas.
  1732 | D        | Noticed a necrophage
  1732 | D        | Noticed a necromancer
  1734 | D        | Killed a necrophage
  1738 | D        | Killed a necromancer
  1738 | D        | Acquired Vehumet's first power
  1738 | D        | Offered knowledge of Freeze by Vehumet.
  1738 | D        | Reached skill level 1 in Short Blades
  1738 | D        | Reached XP level 7. HP: 38/38 MP: 2/22
  1743 | D        | Learned a level 3 spell: Call Canine Familiar
  1848 | D        | Found an iron altar of Okawaru.
  1848 | D        | Found a bloodstained altar of Trog.
  1848 | D        | Noticed a human
  1848 | D        | Noticed a human
  1850 | D        | Killed a human
  1850 | D        | Reached skill level 10 in Spellcasting
  1850 | D        | Reached skill level 5 in Transmutations
  1858 | D        | Killed a human
  2089 | D        | Noticed a jelly
  2090 | D        | Noticed a shadow
  2095 | D        | Killed a shadow
  2095 | D        | Offered knowledge of Searing Ray by Vehumet.
  2095 | D        | Reached skill level 5 in Conjurations
  2097 | D        | Killed a jelly
  2103 | D        | Learned a level 4 spell: Summon Ice Beast
  2251 | D        | Found a stormy altar of Qazlal.
  2251 | D        | Found a sacrificial altar of Ru.
  2251 | D        | Found a burning altar of Makhleb.
  2251 | D        | Found a shimmering altar of Xom.
  2251 | D        | Noticed a spatial vortex
  2257 | D        | Killed a spatial vortex
  2257 | D        | Reached skill level 10 in Dodging
  2257 | D        | Reached XP level 8. HP: 43/43 MP: 7/24
  2260 | D        | Found a viscous altar of Jiyva.
  2260 | D        | Found a shadowy altar of Dithmenos.
  2260 | D        | Found a sparkling altar of Nemelex Xobeh.
  2260 | D        | Found a corrupted altar of Lugonu.
  2260 | D        | Found an opulent altar of Gozag.
  2347 | D        | Noticed a two-headed ogre
  2347 | D        | Noticed a two-headed ogre
  2350 | D        | Noticed a two-headed ogre
  2352 | D        | Killed a two-headed ogre
  2356 | D        | Killed a two-headed ogre
  2356 | D        | Offered knowledge of Ignite Poison by Vehumet.
  2356 | D        | Reached skill level 11 in Spellcasting
  2358 | D        | Killed a two-headed ogre
  2358 | D        | Acquired Vehumet's second power
  2358 | D        | Reached skill level 1 in Ice Magic
  2363 | D        | Learned a level 3 spell: Ignite Poison
  2523 | D        | Noticed a hill giant
  2536 | D        | Noticed a hill giant
  2539 | D        | Killed a hill giant
  2543 | D        | Noticed Erolcha
  2557 | D        | Mangled by a hill giant

Vault maps used:
D:        dungeon_sprint_mu

Action                   |  1- 3 |  4- 6 |  7- 9 || total
-------------------------+-------+-------+-------++-------
Melee: Dagger            |       |     5 |       ||     5
 Cast: Sandblast         |    22 |     1 |     1 ||    24
       Stoneskin         |     1 |     3 |     1 ||     5
       Stone Arrow       |       |    13 |    22 ||    35
       Lee's Rapid Decon |       |       |     8 ||     8
       Call Canine Famil |       |       |     1 ||     1
 Abil: Blink             |       |     1 |     1 ||     2
  Use: Potion            |     4 |     5 |     2 ||    11
       Scroll            |       |     2 |       ||     2
 Stab: Sleeping          |       |     2 |       ||     2
  Eat: Royal jelly       |       |     1 |     1 ||     2
       Fruit             |       |     1 |       ||     1
       Chunk             |       |       |     2 ||     2
